 Dungeon Crawl Stone Soup version 0.30.0-19-g36f170ea60 (webtiles) character file.

Game seed: 484819892019219156

131 Graphine the Poker (level 5, 0/42 HPs)
             Began as a Merfolk Gladiator on May 29, 2023.
             Frozen to death by an endoplasm (4 damage)
             ... on level 2 of the Dungeon.
             The game lasted 00:04:37 (1094 turns).

Graphine the Poker (Merfolk Gladiator)              Turns: 1094, Time: 00:04:39

Health: 0/42       AC:  8    Str: 17    XL:     5   Next: 14%
Magic:  5/5        EV: 14    Int:  7    God:
Gold:   83         SH:  0    Dex: 15    Spells: 4/4 levels left

rFire   . . .        q - +0 glaive
rCold   . . .        (shield currently unavailable)
rNeg    . . .        b - +0 leather armour
rPois   .            d - +2 hat {SInv}
rElec   .            (no cloak)
rCorr   .            j - +1 pair of gloves {hurl}
SInv    +            g - +0 pair of boots
Will    .....        (no amulet)
Stlth   +            (no ring)
HPRegen 0.27/turn    (no ring)
MPRegen 0.09/turn

%: no passive effects
@: no status effects
A: (nimble swimmer 2), mertail
a: no special abilities


You were on level 2 of the Dungeon.
You visited 1 branch of the dungeon, and saw 3 of its levels.

You collected 83 gold pieces.

Inventory:

Hand Weapons
 q - a +0 glaive (weapon)
Missiles
 e - a javelin
 h - 2 boomerangs (quivered)
 l - a throwing net
Armour
 b - a +0 leather armour (worn)
 c - a +0 helmet
 d - a +2 hat of see invisible (worn)
 g - a +0 pair of boots (worn)
 j - a +1 pair of gloves of hurling (worn)
Jewellery
 p - an amulet of magic regeneration
Scrolls
 a - a scroll of vulnerability {unknown}
 n - a scroll of enchant armour {unknown}
 o - a scroll of immolation {unknown}
 s - a scroll of identify
 t - a scroll of brand weapon {unknown}
 u - a scroll of magic mapping {unknown}
Potions
 f - a potion of flight
 i - 2 potions of brilliance {unknown}
 k - 2 potions of curing {unknown}
 m - 2 potions of haste {unknown}
 r - a potion of heal wounds {unknown}


   Skills:
 * Level 3.7 Fighting
 * Level 5.4 Polearms
 - Level 2.0 Throwing
 * Level 5.3 Dodging


You had 4 spell levels left.
You didn't know any spells.
Your spell library contained the following spells:

 Spells                   Type           Power      Damage    Failure   Level
 Necrotise                Necr           0%         1d4       50%         1
 Vampiric Draining        Necr           0%         2d6       86%         3
 Agony                    Necr           0%         N/A       100%        5


Dungeon Overview and Level Annotations

Branches:
Dungeon (3/15)

Altars:

Shops:
D:2 ?


Innate Abilities, Weirdness & Mutations

((You are very nimble when in or above water. (Stealth+, EV+, Speed+++)))
Your lower body shifts to a powerful aquatic tail in water.


Message History

The scorpion stings you but does no damage.
The endoplasm misses you.
The scorpion stings you but does no damage.
Reach: q) +0 glaive
Press: ? - help, Dir - move target, f/p - scorpion
Aim: a scorpion (almost dead, about 46% to evade your +0 glaive)
You hit the scorpion.
The scorpion is almost dead.
The endoplasm freezes you.
You are frozen.
* * * LOW HITPOINT WARNING * * *
The scorpion misses you. The endoplasm hits you.
* * * LOW HITPOINT WARNING * * *
The scorpion misses you.
Unknown command.
Reach: q) +0 glaive
Press: ? - help, Dir - move target, f/p - scorpion
Aim: a scorpion (almost dead, about 46% to evade your +0 glaive)
You closely miss the scorpion.
The scorpion is almost dead.
The endoplasm hits you but does no damage.
The scorpion closely misses you.
Reach: q) +0 glaive
Press: ? - help, Dir - move target, f/p - scorpion
Aim: a scorpion (almost dead, about 46% to evade your +0 glaive)
You closely miss the scorpion.
The scorpion is almost dead.
The scorpion stings you but does no damage.
The endoplasm misses you. The scorpion closely misses you.
The endoplasm freezes you.
You are frozen.
* * * LOW HITPOINT WARNING * * *
Reach: q) +0 glaive
Press: ? - help, Dir - move target, f/p - scorpion
Aim: a scorpion (almost dead, about 46% to evade your +0 glaive)
You slash the scorpion!
You kill the scorpion!
The endoplasm freezes you.
You are frozen.
You die...

#..# #..#.# #####..###.........
##.####.##.####(......##.........
...###..##.)#...#####..#.........
.....#.####...########...........
###......#...## #................
#####.(....#.## ########.........
...##.#.##....######## #.........
##.##.####.#.........# #.........
##..#....######†@J...# #.........
.####.........######## ##.......#
....######....#.##### ##)....##
##..#....####.#.....#######.####
...##.........#.###......##.#
.####.####....#...#.......#.###
.####....######.............(.###
##..#.....^...##).†.....###......
...#######..÷.#...###............


You could see an endoplasm.

Vanquished Creatures
  A scorpion (D:2)
  Natasha (thrice) (D:2)
  A gnoll (D:1)
  2 worms (D:2)
  2 dart slugs (D:2)
  A ball python (D:2)
  6 endoplasms
  2 giant cockroaches (D:2)
  4 goblins
  3 hobgoblins
  2 quokkas
  3 bats (D:1)
  2 frilled lizards (D:2)
  5 kobolds
  5 rats
42 creatures vanquished.

Notes
Turn   | Place    | Note
-------+----------+-------------------------------------------
     0 | D:1      | Graphine the Merfolk Gladiator began the quest for the Orb.
     0 | D:1      | Reached XP level 1. HP: 16/16 MP: 1/1
   248 | D:1      | Reached XP level 2. HP: 23/23 MP: 2/2
   250 | D:1      | Found a faded altar of an unknown god.
   376 | D:1      | Reached XP level 3. HP: 28/28 MP: 3/3
   564 | D:2      | Found Heteqaaw's Magic Scroll Shop.
   839 | D:2      | Noticed Natasha
   845 | D:2      | Killed Natasha
   846 | D:2      | Reached skill level 5 in Polearms
   846 | D:2      | Reached skill level 5 in Dodging
   846 | D:2      | Reached XP level 4. HP: 32/35 MP: 4/4
   866 | D:2      | Noticed Natasha
   870 | D:2      | Killed Natasha
   970 | D:2      | Noticed Natasha
   979 | D:2      | Killed Natasha
   980 | D:2      | Reached XP level 5. HP: 34/42 MP: 5/5
  1094 | D:2      | Frozen to death by an endoplasm

Illustrated notes

Levels and vault maps discovered:
D:1:      lightli_iron_boxes, layout_rooms, basic_ecumenical_altar
D:2:      minmay_angry_zag, layout_rooms, serial_shops, shop, uniq_natasha
D:3:      layout_loops_ring, nzn_wu_jian_contemplation,
          nzn_hepliaklqana_mist_gate, mainiacjoe_overflow_concentric_impassable

Skill      XL: |  1  2  3 |
---------------+----------+-----
Fighting       | 3 |  3.7
Polearms       | 5 |  5.4
Dodging        | 5 |  5.3
Throwing       | |  2.0

Action                     |  1- 3 |  4- 6 || total
---------------------------+-------+-------++-------
  Melee: Trident           |    43 |       ||    43
         Glaive            |     6 |    27 ||    33
  Throw: Throwing net      |     4 |       ||     4
         Javelin           |     6 |       ||     6
         Boomerang         |    24 |     7 ||    31
    Use: Scroll            |     2 |       ||     2
   Stab: Sleeping          |     1 |       ||     1
 Armour: Leather armour    |     5 |    15 ||    20
  Dodge: Dodged            |    14 |    25 ||    39
